 Dungeon Crawl Stone Soup version 0.29-a0-283-ga02f740833 (webtiles) character file.

Game seed: 13409253464881639309

7 Aksej the Ducker (level 1, -3/16 HPs)
             Began as a Demonspawn Gladiator on Mar 13, 2022.
             Frozen to death by an endoplasm (4 damage)
             ... on level 1 of the Dungeon.
             The game lasted 00:00:28 (175 turns).

Aksej the Ducker (Demonspawn Gladiator)              Turns: 175, Time: 00:00:29

Health: -3/16      AC:  4    Str: 14    XL:     1   Next: 83%
Magic:  1/1        EV: 12    Int:  9    God:
Gold:   12         SH:  0    Dex: 14    Spells: 0/0 levels left

rFire   . . .      SeeInvis .   a - +0 rapier
rCold   . . .      Faith    .   (no shield)
rNeg    . . .      Spirit   .   b - +0 leather armour
rPois   .          Reflect  .   c - +0 helmet
rElec   .          Harm     .   (no cloak)
rCorr   .          Rampage  .   (no gloves)
Will    .....                   (no boots)
Stlth   +.........              (no amulet)
HPRegen 0.05/turn               (no ring)
MPRegen 0.07/turn               (no ring)

@: no status effects
A: no striking features
a: no special abilities


You were on level 1 of the Dungeon.
You visited 1 branch of the dungeon, and saw 1 of its levels.

You collected 12 gold pieces.

Inventory:

Hand Weapons
 a - a +0 rapier (weapon)
Missiles
 d - 3 throwing nets (quivered)
 e - a javelin
Armour
 b - a +0 leather armour (worn)
 c - a +0 helmet (worn)
Scrolls
 f - a scroll of blinking {unknown}


   Skills:
 * Level 2.0 Fighting
 + Level 2.8 Short Blades
 + Level 1.7 Throwing
 + Level 3.0 Dodging


You couldn't memorise any spells.
You didn't know any spells.
Your spell library was empty.

Dungeon Overview and Level Annotations

Branches:
Dungeon (1/15)

Altars:


Message History

You hit the dart slug but do no damage.
The dart slug is heavily wounded.
The dart slug barely misses you.
You hit the dart slug.
You kill the dart slug!
Your Dodging skill increases to level 3!
HP restored.
Things that are here:
a +0 short sword; a +0 dagger; a dart slug corpse
f - a scroll labelled CAAWIS QOALUJO
Found 15 stones.
A dart slug comes into view.
An endoplasm comes into view.
Found a book of Scorching.
A frilled lizard comes into view.
The dart slug barely misses you.
The endoplasm quivers.
You hit the dart slug.
The dart slug is moderately wounded.
The endoplasm freezes you.
You are frozen.
You hit the dart slug but do no damage.
The dart slug is moderately wounded.
The dart slug bites you. The endoplasm closely misses you.
The dart slug launches a dart at you. The slug dart hits you.
You hit the endoplasm.
The endoplasm is severely wounded.
The endoplasm freezes you.
You are frozen.
You barely miss the endoplasm.
The endoplasm is severely wounded.
The endoplasm freezes you.
You are frozen.
* * * LOW HITPOINT WARNING * * *
You barely miss the endoplasm.
The endoplasm is severely wounded.
The endoplasm freezes you.
You are frozen.
You die...

l...... ....... .......
######## .......##
#......#
.......:####.#..#.##### #
........#....#........#.#
........#@##..#.#.###...#.
......w.#J##....#.###.....
.........w##(.#...........
..............#.##.#######
....#.....#####....####...
..........!...............
.##.#..............#....##
#....##..#######.#.##...
..... .... .............


You could see a dart slug and an endoplasm.

Vanquished Creatures
  A dart slug (D:1)
  A bat (D:1)
  A goblin (D:1)
  A frilled lizard (D:1)
  A kobold (D:1)
5 creatures vanquished.

Notes
Turn   | Place    | Note
-------+----------+-------------------------------------------
     0 | D:1      | Aksej the Demonspawn Gladiator began the quest for the Orb.
     0 | D:1      | Reached XP level 1. HP: 16/16 MP: 1/1
    74 | D:1      | Reached skill level 3 in Dodging
   175 | D:1      | Frozen to death by an endoplasm

Illustrated notes

Levels and vault maps discovered:
D:1:      dpeg_arrival_tiny_a, layout_basic, serial_shops, shop_fountains

Skill      XL: |  1 |
---------------+----+-----
Dodging        | 3 |  3.0
Fighting       | |  2.0
Short Blades   | |  2.8
Throwing       | |  1.7

Action                   || total
-------------------------++-------
Melee: Rapier            ||    26
Armor: Leather armour    ||    16
Dodge: Dodged            ||    24

Table legend: (Time is in decaauts)
 A = Elapsed time spent in this place.
 B = Non-inter-level travel time spent in this place.
 C = Inter-level travel time spent in this place.
 D = Time resting spent in this place.
 E = Time spent auto-exploring this place.
 F = Levels seen in this place.
 G = Mean time per level.
                   A        B        C        D        E       F      G
               +--------+--------+--------+--------+--------+-----+--------+
         Total |    176 |    176 |      0 |      0 |    117 |   1 |  176.0 |
       Dungeon |    176 |    176 |      0 |      0 |    117 |   1 |  176.0 |
               +--------+--------+--------+--------+--------+-----+--------+

Top non-repeatable levels by time:
     D:1: 176 daAuts
